 Dungeon Crawl Stone Soup version 0.23.2-11-gf996548 (webtiles) character file.

Game seed: 6024076634524702816

500 Daunt the Ruffian (level 7, -2/61 HPs)
             Began as a Ghoul Monk on June 6, 2019.
             Shot with an arrow by a centaur (9 damage)
             ... on level 5 of the Dungeon.
             The game lasted 00:13:02 (3329 turns).

Daunt the Ruffian (Ghoul Monk)                      Turns: 3329, Time: 00:13:02

Health: -2/61      AC:  6    Str: 17    XL:     7   Next: 16%
Magic:  6/6        EV: 11    Int:  5    God:
Gold:   233        SH:  0    Dex: 11    Spells: 6/6 levels left

rFire    + . .     SeeInvis .     - Unarmed
rCold    + . .     Gourm    .   (no shield)
rNeg     + + +     Faith    .   f - +0 ring mail
rPois    ∞         Spirit   .   (no helmet)
rElec    .         Reflect  .   (no cloak)
rCorr    .         Harm     .   a - +0 pair of gloves
MR       +....                  (no boots)
Stlth    ++........             (no amulet)
HPRegen  0.00/turn              s - ring of protection from magic
MPRegen  0.10/turn              t - ring of protection from fire

@: rotting
A: rotting body, claws 1, carnivore, cold resistance 1, negative energy
resistance 3, inhibited regeneration, torment resistance, unbreathing
a: no special abilities


You were on level 5 of the Dungeon.
You were not hungry.

You visited 1 branch of the dungeon, and saw 5 of its levels.

You collected 233 gold pieces.

Inventory:

Hand Weapons
 j - a cursed -2 hunting sling
Missiles
 k - 13 javelins (quivered)
 l - 56 stones
 z - a throwing net
 C - 5 tomahawks
Armour
 a - a +0 pair of gloves (worn)
 f - a +0 ring mail (worn)
 r - a +0 chain mail
Jewellery
 s - a ring of protection from magic (left hand)
 t - a ring of protection from fire (right hand)
Wands
 y - a wand of clouds (4)
Scrolls
 d - 2 scrolls of magic mapping
 e - a scroll of fog {unknown}
 g - 3 scrolls of random uselessness {unknown}
 h - 3 scrolls of remove curse {unknown}
 i - a scroll of immolation {unknown}
 m - a scroll of fear {unknown}
 n - a scroll of blinking {unknown}
 q - 2 scrolls of enchant weapon {unknown}
 w - 2 scrolls of identify
 x - 2 scrolls of teleportation {unknown}
 B - a scroll of enchant armour {unknown}
Potions
 c - a potion of heal wounds
 o - 2 potions of cancellation
 p - 2 potions of invisibility
 u - 3 potions of curing
 v - a potion of ambrosia
Comestibles
 b - 11 rations
 A - 4 chunks of flesh


   Skills:
 + Level 5.0 Fighting
 - Level 2.0 Armour
 - Level 3.0 Dodging
 + Level 4.2 Stealth
 * Level 6.2 Unarmed Combat


You had 6 spell levels left.
You didn't know any spells.
Your spell library was empty.

Dungeon Overview and Level Annotations

Branches:
Dungeon (5/15)
 Temple: D:4-7

Altars:
The Shining One

Annotations:
D:3 3 runed translucent doors, Fang's ghost, amateur GrBe
D:5 Sigmund


Innate Abilities, Weirdness & Mutations

Your body is rotting away.
You thrive on raw meat.
You are immune to poison.
You have sharp fingernails.
You are carnivorous and can eat meat at any time.
Your flesh is cold resistant. (rC+)
You are immune to negative energy. (rN+++)
You do not regenerate when monsters are visible.
You are immune to unholy pain and torment.
You can survive without breathing.


Message History

The centaur shoots an arrow.
The arrow hits you.
* * * LOW HITPOINT WARNING * * *
You see here an arrow.
The centaur shoots an arrow.
The arrow hits you!
* * * LOW HITPOINT WARNING * * *
Things that are here:
a +0 whip; an adder skeleton The centaur shoots an arrow.
The arrow barely misses you.
The centaur shoots an arrow.
The arrow hits you.
* * * LOW HITPOINT WARNING * * *
You see here an arrow.
Eat one of 6 chunks of flesh? (ye/n/q)
You eat one of the 6 chunks of flesh.
This raw flesh tastes great!
The centaur shoots an arrow.
The arrow barely misses you.
Eat one of 5 chunks of flesh? (ye/n/q)
You eat one of the 5 chunks of flesh.
This raw flesh tastes great!
The centaur shoots an arrow.
The arrow hits you!
* * * LOW HITPOINT WARNING * * *
The centaur shoots an arrow.
The arrow hits you!
You die...

##.......#...# ##....##....
#....#.###...###.....#....##
#....###.#.................# ....
......#.................... ....!
.........................# ##./..
........................## #.....
.....<##.................###.....
#.#...###.....<.[.).."....##.....
#..#.###.......(@.....c@.........
...### ##.............#..##......
#..# ##.....#.......##........[.
#### #......###.....#.....(.....
##....## #####...#.........
##....### ##...##...(...
###..[.#####....#...c....
#.....#.#.........#....
##............#.....).(


You could see Sigmund and a centaur.

Vanquished Creatures
  Edmund (D:5)
  A crimson imp (D:5)
  An orc priest (D:5)
  An orc wizard (D:5)
  An iguana (D:4)
  3 worker ants
  6 gnolls
  4 adders
  A white imp (D:4)
  An ooze (D:3)
  2 worms (D:3)
  2 dart slugs
  2 leopard geckos
  4 orcs
  2 ball pythons (D:2)
  7 giant cockroaches
  3 hobgoblins (D:2)
  6 jackals
  9 kobolds
  2 quokkas
  4 bats (D:1)
  5 frilled lizards
  8 goblins
  A goblin skeleton (D:4)
  2 goblin zombies (D:4)
  3 hobgoblin zombies (D:4)
  A kobold skeleton (D:4)
  2 kobold zombies (D:4)
  An orc skeleton (D:4)
  2 orc zombies (D:4)
  7 rats
95 creatures vanquished.

Vanquished Creatures (others)
  2 fungi (D:3)
  2 plants (D:3)
4 creatures vanquished.

Grand Total: 99 creatures vanquished

Notes
Turn   | Place    | Note
-------+----------+-------------------------------------------
     0 | D:1      | Daunt the Ghoul Monk began the quest for the Orb.
     0 | D:1      | Reached XP level 1. HP: 19/19 MP: 0/0
   266 | D:1      | Reached XP level 2. HP: 24/26 MP: 1/1
   479 | D:1      | Reached skill level 4 in Unarmed Combat
   841 | D:2      | Reached XP level 3. HP: 33/33 MP: 2/2
  1384 | D:2      | Reached XP level 4. HP: 37/40 MP: 3/3
  1717 | D:3      | You fall through a shaft!
  1747 | D:4      | Found a glowing golden altar of the Shining One.
  1760 | D:4      | Reached skill level 1 in Armour
  1760 | D:4      | Reached XP level 5. HP: 40/46 MP: 4/4
  2138 | D:3      | Found a runed translucent gate.
  2138 | D:3      | Found a runed translucent gate.
  2138 | D:3      | Found a runed translucent gate.
  2140 | D:3      | Noticed Fang's ghost (amateur GrBe)
  2141 | D:3      | Noticed a big kobold
  2363 | D:4      | Reached skill level 5 in Unarmed Combat
  2804 | D:4      | Reached XP level 6. HP: 46/53 MP: 5/5
  2947 | D:5      | Entered Level 5 of the Dungeon
  2998 | D:5      | Noticed Edmund
  3030 | D:5      | Killed Edmund
  3066 | D:5      | Reached skill level 6 in Unarmed Combat
  3091 | D:5      | Reached XP level 7. HP: 35/60 MP: 6/6
  3126 | D:5      | Noticed Sigmund
  3146 | D:5      | Reached skill level 5 in Fighting
  3318 | D:5      | HP: 2/61 [centaur/arrow (13)]
  3327 | D:5      | HP: 1/61 [centaur/arrow (3)]
  3329 | D:5      | Shot with an arrow by a centaur

Skill      XL: |  1  2  3  4  5  6  7 |
---------------+----------------------+-----
Unarmed Combat | 4 5 6 |  6.2
Fighting       | 4 5 |  5.0
Armour         | 1 2 |  2.0
Dodging        | 3 |  3.0
Stealth        | 3 4 |  4.2

Action                   |  1- 3 |  4- 6 |  7- 9 || total
-------------------------+-------+-------+-------++-------
Melee: Unarmed           |   126 |   210 |    34 ||   370
       Punch             |     1 |     9 |       ||    10
Throw: Javelin           |     3 |     2 |     1 ||     6
  Use: Scroll            |       |     8 |       ||     8
  Eat: Chunk             |     6 |    21 |     6 ||    33
Armor: Ring mail         |    44 |    50 |    15 ||   109
Dodge: Dodged            |    62 |   104 |    29 ||   195
